 Dungeon Crawl Stone Soup version 0.19-a0-611-gb5a7e8d (webtiles) character file.

23 Laraso the Stinger (level 3, 0/28 HPs)
             Began as a Naga Venom Mage on June 12, 2016.
             Slain by a jackal (2 damage)
             ... on level 1 of the Dungeon.
             The game lasted 00:02:15 (977 turns).

Laraso the Stinger (Naga Venom Mage)                 Turns: 977, Time: 00:02:16

Health: 0/28       AC:  2    Str: 10    XL:     3   Next: 0%
Magic:  0/6        EV: 15    Int: 16    God:
Gold:   38         SH:  0    Dex: 16    Spells: 1 memorised, 5 levels left

rFire  . . .     SeeInvis +     g - -2 dagger (curse)
rCold  . . .     Gourm    .     a - +0 robe
rNeg   . . .     Faith    .     (no shield)
rPois  +         Spirit   .     (no helmet)
rElec  .         Dismiss  .     (no cloak)
rCorr  .         Reflect  .     (no gloves)
SustAt .         Harm     .     (no barding)
MR     .....                    (no amulet)
Stlth  ++++......               (no ring)
                                (no ring)

@: agile, very slow, not resistant to hostile enchantments, stealthy
A: see invisible, deformed body, poison resistance, slowness 2, slow metabolism
1, spit poison 2, AC +1
a: Spit Poison


You were on level 1 of the Dungeon.
You were not hungry.

You visited 1 branch of the dungeon, and saw 1 of its levels.

You collected 38 gold pieces.

Inventory:

Hand Weapons
 g - a cursed -2 dagger (weapon)
 h - a +0 spear
Armour
 a - a +0 robe (worn)
Scrolls
 j - a scroll of fear
Books
 b - a Young Poisoner's Handbook

   Spells                             Type                      Level
   a - Sting                          Conjuration/Poison           1
   b - Cure Poison                    Poison                       2
   c - Mephitic Cloud                 Conjuration/Poison/Air       3
   d - Olgreb's Toxic Radiance        Poison                       4
   e - Venom Bolt                     Conjuration/Poison           5
Comestibles
 c - a bread ration
 f - a beef jerky
 k - a meat ration


   Skills:
 - Level 1.5 Dodging
 - Level 3.0 Stealth
 - Level 2.0 Spellcasting
 * Level 2.4 Conjurations
 - Level 5.3 Poison Magic


You had 5 spell levels left.
You knew the following spells:

 Your Spells              Type           Power        Failure   Level  Hunger
a - Sting                 Conj/Pois      ##..         6%          1    #......


Dungeon Overview and Level Annotations

Branches:
Dungeon (1/15)

Altars:


Innate Abilities, Weirdness & Mutations

You cannot wear boots.
Your serpentine skin is tough. (AC +1)
You have supernaturally acute eyesight. (SInv)
Armour fits poorly on your strangely shaped body.
Your system is resistant to poisons. (rPois)
You cover ground very slowly.
You have a slow metabolism.
You can spit poison.


Message History

You hit the jackal but do no damage. The jackal bites you.
* * * LOW HITPOINT WARNING * * *
You take 1 damage, and have 10/28 hp.
Unknown command.
You hit the jackal but do no damage. The jackal bites you.
* * * LOW HITPOINT WARNING * * *
You take 3 damage, and have 7/28 hp.
Unknown command.
You barely miss the jackal.
The jackal bites you but does no damage.
The jackal closely misses you.
Unknown command.
You miss the jackal.
The jackal bites you but does no damage.
Unknown command.
You closely miss the jackal. The jackal bites you.
* * * LOW HITPOINT WARNING * * *
The jackal bites you.
* * * LOW HITPOINT WARNING * * *
You take 3 damage, and have 4/28 hp.
Unknown command.
Aim: a jackal The sting misses the jackal.
The sting hits the hobgoblin.
The hobgoblin is poisoned.
* * * LOW MAGIC WARNING * * *
The jackal barely misses you.
You now have 0/6 mp.
Unknown command.
Unknown command.
You closely miss the jackal.
The jackal bites you but does no damage.
Unknown command.
You hit the jackal but do no damage. The jackal barely misses you.
The jackal bites you.
* * * LOW HITPOINT WARNING * * *
You take 1 damage, and have 3/28 hp.
Unknown command.
It was a potion of haste.
You feel yourself speed up. The jackal bites you.
* * * LOW HITPOINT WARNING * * *
You take 1 damage, and have 2/28 hp.
It was a potion of cancellation.
Your magical effects are unravelling.
Your magical contamination has completely faded away.
You feel magically purged.
You feel yourself slow down. The jackal closely misses you.
It was a potion of agility.
You feel agile all of a sudden. The jackal misses you.
The jackal barely misses you.
Unknown command.
Unknown command.
You closely miss the jackal. The jackal misses you.
Unknown command.
You barely miss the jackal.
The hobgoblin looks more healthy.
The jackal misses you.
Unknown command.
You closely miss the jackal. The jackal bites you.
* * * LOW HITPOINT WARNING * * *
The jackal bites you.
You die...

##.## ######### ##.#.##
#........
##.###.####.####...
#####.## ##..........##
#......# #.......#####
#.#####.#...##.#.######
#.# #.#..##.#.......
####.######.#..##.########
######.....†gh@..#..##.#
......)..#.#######..##.#
.#####.#...# #..##.#
#.##### #.. #.# #. #. ..
##


You could see a jackal and a hobgoblin.

Vanquished Creatures
  An ooze (D:1)
  A bat (D:1)
  3 goblins (D:1)
  5 hobgoblins (D:1)
  3 jackals (D:1)
  A giant newt (D:1)
  2 kobolds (D:1)
16 creatures vanquished.

Notes
Turn   | Place    | Note
--------------------------------------------------------------
     0 | D:1      | Laraso the Naga Venom Mage began the quest for the Orb.
     0 | D:1      | Reached XP level 1. HP: 15/15 MP: 3/3
    29 | D:1      | HP: 4/15 [ooze (3)]
    30 | D:1      | Reached skill level 1 in Conjurations
   330 | D:1      | Reached XP level 2. HP: 14/22 MP: 0/5
   627 | D:1      | Reached skill level 2 in Conjurations
   631 | D:1      | HP: 7/22 [jackal (2)]
   959 | D:1      | Reached XP level 3. HP: 13/28 MP: 0/6
   963 | D:1      | HP: 11/28 [jackal (1)]
   968 | D:1      | HP: 5/28 [jackal (2)]
   972 | D:1      | HP: 2/28 [jackal (1)]
   977 | D:1      | HP: 2/28 [jackal (1)]
   977 | D:1      | Slain by a jackal

Vault maps used:
D:1:      mainiacjoe_arrival_reflecting_pool

Skill      XL: |  1  2 |
---------------+-------+-----
Conjurations   | 1 2 |  2.4
Dodging        | |  1.5
Stealth        | |  3.0
Spellcasting   | |  2.0
Poison Magic   | |  5.3

Action                   || total
-------------------------++-------
Melee: Unarmed           ||    13
       Spear             ||    11
       Dagger            ||    18
 Cast: Sting             ||    31
 Abil: Spit Poison       ||     2
  Use: Scroll            ||     2
       Potion            ||     3
Armor: Robe              ||     5
Dodge: Dodged            ||    27

Table legend:
 A = Kills in this place as a percentage of kills in entire the game.
 B = Kills by you in this place as a percentage of kills by you in the entire game.
 C = Kills by friends in this place as a percentage of kills by friends in the entire game.
 D = Other kills in this place as a percentage of other kills in the entire game.
 E = Experience gained in this place as a percentage of experience gained in the entire game.
 F = Experience gained in this place divided by the number of levels of this place that you have seen.
                   A       B       C       D       E      F
               +-------+-------+-------+-------+-------+----------------------
         Total | 100.0 | 100.0 |  -nan |  -nan | 100.0 |  34.0
       Dungeon | 100.0 | 100.0 |  -nan |  -nan | 100.0 |  34.0
               +-------+-------+-------+-------+-------+----------------------

Table legend:
 A = Turns spent in this place as a percentage of turns spent in the entire game.
 B = Non-inter-level travel turns spent in this place as a percentage of non-inter-level travel turns spent in the entire game.
 C = Inter-level travel turns spent in this place as a percentage of turns spent in this place.
 D = Turns resting spent in this place as a percentage of non-inter-level travel turns spent in this place.
 E = Turns spent auto-exploring this place as a percentage of non-inter-level travel turns spent in this place.
 F = Non-inter-level travel turns spent in this place divided by the number of levels of this place that you've seen.
                   A       B       C       D       E      F
               +-------+-------+-------+-------+-------+----------------------
         Total | 100.0 | 100.0 |   0.0 |   7.4 |   7.0 | 299.0
       Dungeon | 100.0 | 100.0 |   0.0 |   7.4 |   7.0 | 299.0
               +-------+-------+-------+-------+-------+----------------------

Vault maps used:
D:1:      mainiacjoe_arrival_reflecting_pool
